 Dungeon Crawl Stone Soup version 0.27.1-3-gb3d3a73c9e (webtiles) character file.

Game seed: 1925108709481337943

401 earthworldpsion the Slasher (level 6, -3/79 HPs)
             Began as a Draconian Berserker on Oct 17, 2021.
             Was a Priest of Trog.
             Slain by a meliai zombie (6 damage)
             ... on level 5 of the Dungeon.
             The game lasted 00:16:22 (4577 turns).

earthworldpsion the Slasher (Draconian Berserker)   Turns: 4577, Time: 00:16:23

Health: -3/79      AC: 23    Str: 21    XL:     6   Next: 54%
Magic:  6/6        EV:  2    Int:  7    God:    Trog [***...]
Gold:   122        SH:  0    Dex: 11    Spells: 5/5 levels left

rFire    x . .     SeeInvis .   a - +0 falchion
rCold    + . .     Faith    .   (no shield)
rNeg     + + +     Spirit   .   (armour unavailable)
rPois    +         Reflect  .   (helmet currently unavailable)
rElec    .         Harm     .   (cloak currently unavailable)
rCorr    .         Rampage  .   (gloves currently unavailable)
Will     .....     NoTele   +   (boots currently unavailable)
Stlth    +.........             (no amulet)
HPRegen  0.23/turn              n - ring of ice
MPRegen  0.10/turn              (no ring)

@: tree-form
A: stationary, stasis, torment immunity, boosted hp, AC +6, unfitting armour,
(cold-blooded)
a: Renounce Religion, Berserk, Trog's Hand


You were on level 5 of the Dungeon.
You worshipped Trog.
Trog was most pleased with you.
You were a tree.
You visited 1 branch of the dungeon, and saw 5 of its levels.

You collected 122 gold pieces.

Inventory:

Hand Weapons
 a - a +0 falchion (weapon)
Armour
 f - a +0 leather armour
Jewellery
 n - a ring of ice (left branch)
Scrolls
 c - 3 scrolls of vulnerability
 d - a scroll of magic mapping {unknown}
 i - a scroll of fog {unknown}
 j - a scroll of enchant armour
 k - a scroll of blinking
 m - a scroll of immolation
Potions
 e - a potion of mutation {unknown}
 g - 2 potions of might
 h - a potion of haste {unknown}
 l - a potion of flight {unknown}


   Skills:
 + Level 4.7 Fighting
 + Level 5.5 Long Blades
 + Level 4.2 Dodging
 + Level 1.1 Stealth


You had 5 spell levels left.
You didn't know any spells.
Your spell library contained the following spells:

 Spells                   Type           Power      Damage    Failure   Level
 Slow                     Hex            0%         N/A       56%         2
 Confusing Touch          Hex            0%         N/A       80%         3
 Yara's Violent Unravell  Hex/Tmut       0%         3d3       100%        5


Dungeon Overview and Level Annotations

Branches:
Dungeon (5/15)
 Temple: D:4-7

Altars:
Cheibriados
Qazlal
Xom


Innate Abilities, Weirdness & Mutations

You are a tree.
Your roots penetrate the ground, keeping you stationary.
You cannot be teleported.
You are immune to unholy pain and torment.
Your maximum health is greatly increased.
Your equipment is partially melded.
((Your plain brown scales are hard. (AC +6)))
You cannot fit into any form of body armour.
((You are cold-blooded and may be slowed by cold attacks.))


Message History

The arrow freezes you.
* * * LOW HITPOINT WARNING * * *
There is a stone staircase leading down, spattered with blood here.
The centaur shoots an arrow.
The arrow hits you!
* * * LOW HITPOINT WARNING * * *
The arrow freezes you.
* * * LOW HITPOINT WARNING * * *
You climb downwards.
Found a scroll of enchant armour.
Found two stone staircases leading down.
There is a stone staircase leading up here.
The adder hisses angrily.
The meliai zombie misses you.
You riposte.
You hit the meliai zombie.
The meliai zombie is lightly damaged.
The meliai zombie misses you.
You hit the meliai zombie. You tail-slap the meliai zombie.
The meliai zombie is lightly damaged.
The meliai zombie hits you but does no damage. x2
The meliai zombie barely misses you.
You riposte.
You hit the meliai zombie.
The meliai zombie is moderately damaged.
The meliai zombie hits you but does no damage.
You hit the meliai zombie. You tail-slap the meliai zombie.
The meliai zombie is moderately damaged.
The meliai zombie hits you.
* * * LOW HITPOINT WARNING * * *
The meliai zombie hits you.
* * * LOW HITPOINT WARNING * * *
The meliai zombie barely misses you. The meliai zombie closely misses you.
The meliai zombie closely misses you.
You riposte.
You hit the meliai zombie.
The meliai zombie is moderately damaged.
The meliai zombie hits you but does no damage.
There is a stone staircase leading up here.
It was a potion of lignification.
You turn into a tree.
Your roots penetrate the ground.
The meliai zombie hits you.
* * * LOW HITPOINT WARNING * * *
The meliai zombie hits you but does no damage. x3
You slash the meliai zombie!
The meliai zombie is heavily damaged.
The meliai zombie hits you.
You die...

..... .. .. ....
.###.. ...
#..... #.. ....#
#..##...### #
#..#......
....##.....#
#......Z♣..#
##......S......#
#..........?.#.#
....>........#
............#..
...........## ..
.........### .
.........>


You could see an adder and a meliai zombie.

Vanquished Creatures
  A necrophage (D:4)
  A centaur (D:4)
  A hound (D:4)
  2 orc wizards (D:3)
  A howler monkey skeleton (D:4)
  4 adders
  An adder skeleton (D:4)
  3 worms
  2 dart slugs
  6 orcs
  6 ball pythons
  6 bats
  7 endoplasms
  6 giant cockroaches
  7 goblins
  9 hobgoblins
  3 jackals (D:2)
  4 quokkas
  5 frilled lizards
  7 kobolds
  6 rats
88 creatures vanquished.

Notes
Turn   | Place    | Note
-------+----------+-------------------------------------------
     0 | D:1      | earthworldpsion the Draconian Berserker began the quest for
                  | the Orb.
     0 | D:1      | Reached XP level 1. HP: 19/19 MP: 1/1
   177 | D:1      | Reached XP level 2. HP: 16/26 MP: 2/2
   844 | D:2      | Reached ** piety under Trog
   944 | D:2      | Reached XP level 3. HP: 26/33 MP: 3/3
  1550 | D:2      | Found a shimmering altar of Xom.
  1802 | D:2      | Reached XP level 4. HP: 37/40 MP: 4/4
  2073 | D:3      | Reached skill level 4 in Long Blades
  2370 | D:3      | Found a faded altar of an unknown god.
  2454 | D:3      | Found a snail-covered altar of Cheibriados.
  2713 | D:3      | Reached *** piety under Trog
  2714 | D:3      | Reached XP level 5. HP: 7/46 MP: 5/5
  3616 | D:3      | Found a stormy altar of Qazlal.
  3886 | D:4      | Noticed a centaur
  3899 | D:4      | Killed a centaur
  3900 | D:4      | Reached skill level 5 in Long Blades
  3900 | D:4      | Reached skill level 1 in Stealth
  3900 | D:4      | Reached XP level 6. HP: 22/53 MP: 6/6
  4571 | D:5      | Entered Level 5 of the Dungeon
  4574 | D:5      | HP: 2/53 [meliai zombie (1)]
  4577 | D:5      | Slain by a meliai zombie

Illustrated notes

Levels and vault maps discovered:
D:1:      eino_arrival_tree_alley, layout_rooms
D:2:      layout_basic, basic_altar
D:3:      minmay_skewed_foursquare, layout_loops_corners, marbit_many_paths,
          cheibrodos_worm_habitat, chequers_ecumenical_altar_simple,
          minmay_fountain_box, minmay_misc_feat_x
D:4:      layout_rooms, mainiacjoe_overflow_catwalk_spiral,
          gammafunk_ghost_nasty_kobolds
D:5:      layout_cave_pools, minmay_temple_entry_slanted, saegor_snake_ambush

Skill      XL: |  1  2  3  4  5  6 |
---------------+-------------------+-----
Dodging        | 3 4 |  4.2
Fighting       | 4 |  4.7
Long Blades    | 4 5 |  5.5
Stealth        | 1 |  1.1

Action                   |  1- 3 |  4- 6 || total
-------------------------+-------+-------++-------
Melee: Falchion          |   104 |   187 ||   291
       Tailslap          |    15 |    29 ||    44
  Use: Scroll            |     2 |     4 ||     6
       Potion            |       |     2 ||     2
Armor: Skin              |    21 |    88 ||   109
Dodge: Dodged            |    56 |   161 ||   217
       Rpst.: Falchion   |    18 |    47 ||    65
